 Dungeon Crawl Stone Soup version 0.26.0-16-gc1dbca0489 (webtiles) character file.

Game seed: 3981424029487053036

2636 DungeonDestroyer the Shield-Bearer (level 9, -21/68 HPs)
             Began as a Formicid Fighter on Jan 17, 2021.
             Was a Believer of Okawaru.
             Demolished by a two-headed ogre
             ... wielding a +0 giant club
              (22 damage)
             ... on level 7 of the Dungeon.
             The game lasted 00:11:20 (6298 turns).

DungeonDestroyer the Shield-Bearer (FoFi)           Turns: 6298, Time: 00:11:21

Health: -21/68     AC: 15    Str: 22    XL:     9   Next: 92%
Magic:  13/14      EV: 11    Int:  9    God:    Okawaru [**....]
Gold:   280        SH: 12    Dex: 11    Spells: 14/14 levels left

rFire    . . .     SeeInvis +   s - +3 spear
rCold    . . .     Faith    .   c - +1 kite shield
rNeg     . . .     Spirit   .   d - +0 plate armour
rPois    .         Reflect  .   (helmet unavailable)
rElec    .         Harm     .   f - +0 cloak
rCorr    .         Rampage  .   (no gloves)
Will     +....                  v - +0 pair of boots
Stlth    ..........             (no amulet)
HPRegen  0.21/turn              a - ring of willpower
MPRegen  0.14/turn              i - +4 ring of evasion

@: no status effects
A: permanent stasis, dig shafts and tunnels, four strong arms, antennae 3
a: Dig, Shaft Self, Renounce Religion, Heroism


You were on level 7 of the Dungeon.
You worshipped Okawaru.
Okawaru was pleased with you.
You visited 2 branches of the dungeon, and saw 8 of its levels.

You collected 280 gold pieces.

Inventory:

Hand Weapons
 s - a +3 spear (weapon)
Missiles
 h - 11 poisoned darts (quivered)
Armour
 c - a +1 kite shield (worn)
 d - a +0 plate armour (worn)
 f - a +0 cloak (worn)
 v - a +0 pair of boots (worn)
Jewellery
 a - a ring of willpower (left hand)
 g - an uncursed ring of positive energy
 i - a +4 ring of evasion (right hand)
 k - an uncursed ring of resist corrosion
Wands
 b - a wand of disintegration (10)
 q - a wand of digging (5)
 u - a wand of random effects (14)
Scrolls
 j - 2 scrolls of identify
 l - 3 scrolls of remove curse
 m - a scroll of fear
 n - 3 scrolls of magic mapping
 o - a scroll of enchant armour
 t - 2 scrolls of amnesia
Potions
 e - a potion of magic
 r - a potion of heal wounds


   Skills:
 * Level 5.3 Fighting
 * Level 7.2 Polearms
 * Level 3.1 Throwing
 * Level 5.7 Armour
 * Level 3.1 Dodging
 * Level 7.4 Shields
 * Level 3.3 Spellcasting
 * Level 2.2 Invocations
 * Level 2.8 Evocations


You had 14 spell levels left.
You didn't know any spells.
Your spell library was empty.

Dungeon Overview and Level Annotations

Branches:
Dungeon (7/15)             Temple (1/1) D:6

Altars:
Ashenzari
Cheibriados
Dithmenos
Elyvilon
Fedhas
Hepliaklqana
Makhleb
Nemelex Xobeh
Okawaru
Qazlal
Ru
Trog
Uskayaw
Vehumet
Wu Jian
Xom
Yredelemnul
Zin
The Shining One

Shops:
D:4 :


Innate Abilities, Weirdness & Mutations

You cannot be hasted, slowed, berserked, paralysed or teleported.
You can dig through walls and to a lower floor.
Your four strong arms can wield two-handed weapons with a shield.
You have a pair of large antennae on your head. (SInv)


Message History

You are too injured to fight recklessly!
You are too injured to fight recklessly!
You are too injured to fight recklessly!
You are too injured to fight recklessly!
You are too injured to fight recklessly!
You are too injured to fight recklessly!
You are too injured to fight recklessly!
Unknown command.
You are too injured to fight recklessly!
You are too injured to fight recklessly!
You are too injured to fight recklessly!
You are too injured to fight recklessly!
You are too injured to fight recklessly!
You are too injured to fight recklessly!
You barely miss the adder. You block the phantom's attack.
You block the adder's attack.
The two-headed ogre hits you with a +0 giant club!!
* * * LOW HITPOINT WARNING * * *
The two-headed ogre hits you with a +0 giant club!!
You die...

.# ..............#..####... .#
#.####.....####..#.# ##.. .#
#.#?.##...##.?#....# ### .#
#.#...##.##...#....# # .#
#.##...#.#...##...... .#
#..##.'#.#).##..###.....# .#
##...###...###...## .P.P.. ##
#........8........# .._... #
#....###ZW@###....# .P.P..
#...##.'#O#S.##...##.......
#..##. #.#...##........... # #..#
#.##...#........... # #..#
##...##.$#...........
#######..####.....####...........
.................................
....#####...........###..........
.....## ##.........# #..........


You could see a two-headed ogre, a phantom, an adder and a howler monkey zombie.

Vanquished Creatures
  Pikel (D:7)
  Sigmund (D:3)
  A water moccasin (D:7)
  2 sky beasts
  A black bear (D:6)
  An ogre (D:5)
  4 centaurs (D:5)
  A lemure (D:7)
  A big kobold (D:3)
  2 bullfrogs
  6 killer bees (D:7)
  A howler monkey (D:4)
  2 bullfrog zombies
  A centaur zombie (D:5)
  A quasit (D:6)
  4 hounds
  2 orc wizards (D:6)
  A bullfrog skeleton (D:5)
  A centaur skeleton (D:6)
  2 iguanas
  3 worker ants
  A worker ant zombie (D:5)
  2 howler monkey skeletons
  3 gnolls (D:5)
  10 adders
  A shadow imp (D:5)
  A white imp (D:7)
  An ufetubus (D:5)
  An ooze (D:2)
  2 worms
  The ghost of Valentain the Sneak, a weakling HODe (D:5)
  2 dart slugs
  6 leopard geckos
  11 orcs
  2 giant cockroaches
  4 goblins
  7 hobgoblins
  8 jackals
  2 quokkas
  5 bats
  2 frilled lizards
  A giant cockroach zombie (D:5)
  8 kobolds
  2 leopard gecko skeletons
  A leopard gecko zombie (D:6)
  A quokka skeleton (D:5)
  5 rats
129 creatures vanquished.

Vanquished Creatures (others)
  2 withered plants (D:3)
2 creatures vanquished.

Grand Total: 131 creatures vanquished

Notes
Turn   | Place    | Note
-------+----------+-------------------------------------------
     0 | D:1      | DungeonDestroyer the Formicid Fighter began the quest for
                  | the Orb.
     0 | D:1      | Reached XP level 1. HP: 18/18 MP: 1/1
   167 | D:1      | Reached XP level 2. HP: 24/24 MP: 2/2
   788 | D:2      | Reached XP level 3. HP: 27/29 MP: 3/3
   934 | D:2      | Reached XP level 4. HP: 30/37 MP: 4/4
  1256 | D:2      | Found a shimmering altar of Xom.
  1257 | D:2      | Found a shimmering altar of Xom.
  1260 | D:2      | Found a shimmering altar of Xom.
  1260 | D:2      | Found a shimmering altar of Xom.
  1262 | D:2      | Found a shimmering altar of Xom.
  1262 | D:2      | Found a shimmering altar of Xom.
  1494 | D:3      | Found a burning altar of Makhleb.
  1705 | D:3      | Noticed a big kobold
  1714 | D:3      | Killed a big kobold
  1715 | D:3      | Reached skill level 1 in Dodging
  1715 | D:3      | Reached skill level 1 in Spellcasting
  1715 | D:3      | Reached XP level 5. HP: 37/42 MP: 6/6
  1938 | D:3      | Noticed Sigmund
  1943 | D:3      | Killed Sigmund
  1944 | D:3      | Reached skill level 1 in Throwing
  1944 | D:3      | Reached XP level 6. HP: 32/48 MP: 6/8
  2073 | D:3      | Found a basalt altar of Yredelemnul.
  2526 | D:4      | Reached XP level 7. HP: 54/54 MP: 9/9
  2568 | D:4      | Reached skill level 5 in Shields
  2607 | D:4      | Found a stormy altar of Qazlal.
  2694 | D:4      | Found a sacrificial altar of Ru.
  2727 | D:4      | Found a shadowy altar of Dithmenos.
  2763 | D:4      | Found Otoos's Book Emporium.
  3230 | D:5      | Entered Level 5 of the Dungeon
  3708 | D:5      | Reached XP level 8. HP: 45/61 MP: 11/11
  3853 | D:5      | Reached skill level 1 in Evocations
  3946 | D:5      | Reached skill level 5 in Polearms
  4054 | D:5      | Found a runed translucent gate.
  4054 | D:5      | Found a runed translucent gate.
  4126 | D:5      | Reached skill level 5 in Armour
  4282 | D:5      | Found a runed translucent gate.
  4283 | D:5      | Noticed Valentain's ghost (weakling HODe)
  4394 | D:5      | Killed Valentain's ghost
  4640 | D:6      | Found a basalt altar of Yredelemnul.
  4647 | D:6      | Found a staircase to the Ecumenical Temple.
  4663 | Temple   | Entered the Ecumenical Temple
  4891 | Temple   | Became a worshipper of Warmaster Okawaru
  4934 | D:6      | Found a hide-covered altar of Uskayaw.
  4977 | D:6      | Identified the cursed +1 quarterstaff of Death {vorpal,
                  | +Rage} (You found it on level 6 of the Dungeon)
  5041 | D:6      | Found a glowing silver altar of Zin.
  5227 | D:6      | Reached XP level 9. HP: 67/67 MP: 11/13
  5297 | D:6      | Reached skill level 1 in Invocations
  5586 | D:7      | Reached skill level 5 in Fighting
  5654 | D:7      | Found a blossoming altar of Fedhas.
  5801 | D:7      | Reached * piety under Okawaru
  5926 | D:7      | Found a snail-covered altar of Cheibriados.
  6055 | D:7      | Found a radiant altar of Vehumet.
  6099 | D:7      | Noticed Pikel
  6127 | D:7      | Killed Pikel
  6282 | D:7      | Noticed a two-headed ogre
  6290 | D:7      | Reached ** piety under Okawaru
  6298 | D:7      | HP: 1/68 [two-headed ogre/+0 giant club (18)]
  6298 | D:7      | Demolished by a two-headed ogre

Illustrated notes

Levels and vault maps discovered:
D:1:      kennysheep_arrival_forest, layout_loops_ring, serial_park_tiny_1
D:2:      layout_basic, xom_redecorated, serial_park_tiny_2
D:3:      layout_rooms, lemuel_round_altar, yredelemnul_altar_generic,
          serial_park_tiny_1, uniq_sigmund
D:4:      layout_loops_cross, old_standard_altar, lemuel_doored_altar,
          serial_shops, nicolae_shop_trees, lemuel_altar_in_water
D:5:      layout_loops_cross, gammafunk_ghost_necromancy
D:6:      layout_loops_ring, eat_drink_and_be_merry_uskayaw, zin_academy,
          minmay_temple_entry_drinking_statues, basic_altar
D:7:      cheibrodos_barr_body, layout_cave_pods, old_standard_altar,
          nicolae_overflow_hidden_temple, fedhas_altar_1, uniq_pikel
Temple:   jpeg_temple_island

Skill      XL: |  1  2  3  4  5  6  7  8  9 |
---------------+----------------------------+-----
Shields        | 4 5 6 7 |  7.4
Armour         | 4 5 |  5.7
Polearms       | 3 4 6 7 |  7.2
Dodging        | 1 2 3 |  3.1
Spellcasting   | 1 2 3 |  3.3
Fighting       | 4 5 |  5.3
Throwing       | 1 2 3 |  3.1
Evocations     | 2 |  2.8
Invocations    | 2 |  2.2

Action                   |  1- 3 |  4- 6 |  7- 9 || total
-------------------------+-------+-------+-------++-------
Melee: Trident           |   101 |   152 |   136 ||   389
       Spear             |       |       |   356 ||   356
  Use: Scroll            |     3 |     3 |     8 ||    14
       Potion            |     1 |     3 |     7 ||    11
 Stab: Invisible         |       |       |     2 ||     2
Armor: Scale mail        |    46 |    35 |       ||    81
       Plate armour      |       |    13 |   209 ||   222
Dodge: Dodged            |    32 |    54 |   205 ||   291
Block: Kite shield       |    52 |    66 |   301 ||   419
